 Dungeon Crawl Stone Soup version 0.19.5 (webtiles) character file.

6980 dngmouse the Basher (level 10, -19/92 HPs)
             Began as a Minotaur Fighter on Mar 30, 2017.
             Was a Follower of Okawaru.
             Killed from afar by a fire dragon (40 damage)
             ... with a blast of flame
             ... on level 12 of the Dungeon.
             The game lasted 00:21:20 (10014 turns).

dngmouse the Basher (Minotaur Fighter)             Turns: 10014, Time: 00:21:21

Health: -19/92     AC: 16    Str: 20 (22) XL:     10   Next: 81%
Magic:  10/10      EV:  8    Int:  5      God:    Okawaru [*.....]
Gold:   769        SH: 11    Dex: 11 (12) Spells: 0 memorised, 9 levels left

rFire  . . .     SeeInvis .     a - +1 morningstar
rCold  . . .     Gourm    .     M - +0 chain mail
rNeg   . . .     Faith    .     c - +0 shield
rPois  .         Spirit   .     Q - +1 hat
rElec  .         Reflect  .     N - +0 cloak
rCorr  +         Harm     .     o - +0 pair of gloves
MR     +....     Rnd*Rage +     O - +0 pair of boots
Stlth  ..........               B - amulet of rage
                                l - ring of resist corrosion
                                G - ring of protection from magic

@: exhausted, about to teleport, slowed, very slow
A: retaliatory headbutt, hooves 1, horns 2, berserk 1
a: Heroism, Renounce Religion, Evoke Berserk Rage


You were on level 12 of the Dungeon.
You worshipped Okawaru.
Okawaru was aware of your devotion.
You were not hungry.

You visited 2 branches of the dungeon, and saw 12 of its levels.

You collected 769 gold pieces.

Inventory:

Hand Weapons
 a - a +1 morningstar (weapon)
 b - a +0 flail
Armour
 c - a +0 shield (worn)
 o - a +0 pair of gloves (worn)
 M - a +0 chain mail (worn)
 N - a +0 cloak (worn)
 O - a +0 pair of boots (worn)
 Q - a +1 hat (worn)
Jewellery
 l - a ring of resist corrosion (right hand)
 B - an amulet of rage (around neck)
 G - a ring of protection from magic (left hand)
Wands
 p - a wand of slowing (32/48)
 D - a wand of paralysis (24/24)
 P - a wand of random effects (25/48)
Scrolls
 e - 2 scrolls of fog
 g - 6 scrolls of identify
 h - a scroll of enchant armour
 i - 2 scrolls of magic mapping
 k - 4 scrolls of remove curse
 n - 2 scrolls of amnesia
 q - 3 scrolls of recharging
 v - 2 scrolls of teleportation
 R - a scroll of fear
Potions
 d - 4 potions of might
 j - 2 potions of lignification
 m - a potion of curing
 r - 2 potions of heal wounds
 s - 2 potions of cancellation
 H - a potion of flight
 I - a potion of magic
Comestibles
 f - 10 bread rations
 u - 3 slices of pizza
 w - 4 meat rations
 z - 3 fruits
 J - 6 beef jerkies
 V - 3 chunks of flesh


   Skills:
 + Level 9.7 Fighting
 + Level 11.4 Maces & Flails
 + Level 9.5 Armour
 - Level 4.6 Dodging
 + Level 9.4 Shields
 + Level 2.0 Invocations


You had 9 spell levels left.
You didn't know any spells.

Dungeon Overview and Level Annotations

Branches:
Dungeon (10/15)            Temple (1/1) D:6            Lair (0/6) D:10
    Orc (0/2) D:9

Altars:
Ashenzari
Cheibriados
Dithmenos
Elyvilon
Fedhas
Gozag
Hepliaklqana
Kikubaaqudgha
Makhleb
Nemelex Xobeh
Okawaru
Qazlal
Ru
Sif Muna
Trog
Uskayaw
Vehumet
Xom
Yredelemnul
Zin
The Shining One


Innate Abilities, Weirdness & Mutations

You reflexively headbutt those who attack you in melee.
You have a pair of horns on your head.
You have large cloven feet.
You tend to lose your temper in combat.


Message History

* * * LOW HITPOINT WARNING * * *
You block the worker ant's attack.
You see here a scroll of remove curse.
You enter a teleport trap!
The teleport trap disappears.
Your surroundings seem slightly different. x2
As you read the scroll of teleportation, it crumbles to dust.
You feel strangely unstable. You block something's attack. Something hits you.
* * * LOW HITPOINT WARNING * * *
Your surroundings suddenly seem different.
A fire dragon comes into view.
The fire dragon roars deafeningly!
A hound comes into view.
The hound barks!
Found a royal jelly and a short sword.
A centaur warrior skeleton comes into view.
As you read the scroll of teleportation, it crumbles to dust.
You feel strangely unstable. The fire dragon breathes flames at you.
The blast of flame hits you!
You die...

#.............#
##+############
### ..#
######.###
#........#
#........#####
#...%....h....
#.....@.Z#
#........#
#........#
#)....D..#
#........#
#........#
#........#
##########


You could see a fire dragon, a hound and a centaur warrior skeleton.

Vanquished Creatures
  2 hill giants
  The ghost of Squonk the Insei, a novice DsTm of Cheibriados (D:6)
  A hippogriff (D:7)
  2 wraiths (D:9)
  A wyvern (D:8)
  A hungry ghost (D:12)
  4 ice beasts
  4 orc warriors
  2 phantoms
  A black bear (D:8)
  5 ogres
  4 centaurs
  10 bullfrogs
  2 big kobolds
  A gnoll sergeant (D:9)
  A wyvern zombie (D:8)
  2 scorpions
  A troll zombie (D:9)
  5 killer bees
  5 howler monkeys
  3 crimson imps
  4 human zombies (D:9)
  A bullfrog zombie (D:6)
  4 hounds
  5 orc priests
  A jelly (D:8)
  3 bullfrog skeletons
  10 orc wizards
  Jessica (D:2)
  2 human skeletons (D:9)
  2 iguanas
  8 worker ants
  2 hound zombies (D:7)
  An ogre skeleton (D:9)
  2 mummies (D:9)
  2 howler monkey zombies
  8 gnolls
  A howler monkey skeleton (D:7)
  Robin (D:3)
  17 adders
  A shadow imp (D:6)
  2 oozes
  An adder zombie (D:5)
  An adder skeleton (D:8)
  5 worms
  2 dart slugs
  12 leopard geckos
  37 orcs
  7 bats
  10 giant cockroaches
  8 hobgoblins
  27 jackals
  6 quokkas
  4 frilled lizards
  12 goblins
  11 kobolds
  A leopard gecko zombie (D:5)
  2 quokka skeletons
  4 rats
286 creatures vanquished.

Vanquished Creatures (others)
  2 jellies (D:9)
  A plant (D:1)
3 creatures vanquished.

Grand Total: 289 creatures vanquished

Notes
Turn   | Place    | Note
-------+----------+-------------------------------------------
     0 | D:1      | dngmouse the Minotaur Fighter began the quest for the Orb.
     0 | D:1      | Reached XP level 1. HP: 19/19 MP: 0/0
   320 | D:1      | Reached XP level 2. HP: 27/27 MP: 1/1
   423 | D:1      | Reached skill level 3 in Maces & Flails
  1258 | D:1      | Reached XP level 3. HP: 33/33 MP: 2/2
  1437 | D:2      | Noticed Jessica
  1445 | D:2      | Killed Jessica
  1820 | D:2      | Reached XP level 4. HP: 37/41 MP: 3/3
  1931 | D:3      | Noticed Robin
  1996 | D:3      | Found a blossoming altar of Fedhas.
  2044 | D:3      | Killed Robin
  2044 | D:3      | Reached skill level 4 in Maces & Flails
  2084 | D:3      | Found a snail-covered altar of Cheibriados.
  2338 | D:3      | Reached XP level 5. HP: 42/47 MP: 4/4
  2444 | D:3      | Reached skill level 5 in Fighting
  2838 | D:4      | Reached XP level 6. HP: 54/56 MP: 5/5
  2941 | D:4      | Reached skill level 5 in Maces & Flails
  2990 | D:4      | Reached skill level 5 in Armour
  2990 | D:4      | Reached skill level 5 in Shields
  3108 | D:4      | Found a shadowy altar of Dithmenos.
  3127 | D:4      | Found a basalt altar of Yredelemnul.
  3734 | D:4      | Reached XP level 7. HP: 57/62 MP: 6/6
  3943 | D:5      | Entered Level 5 of the Dungeon
  3960 | D:5      | Reached skill level 6 in Maces & Flails
  4507 | D:6      | Noticed Squonk's ghost (novice DsTm)
  4524 | D:6      | Killed Squonk's ghost
  4524 | D:6      | Reached skill level 7 in Maces & Flails
  4524 | D:6      | Reached XP level 8. HP: 71/71 MP: 7/7
  4773 | D:6      | Found a sparkling altar of Nemelex Xobeh.
  4781 | D:6      | Reached skill level 8 in Maces & Flails
  4784 | D:6      | Noticed a hill giant
  4999 | D:6      | Killed a hill giant
  4999 | D:6      | Reached skill level 9 in Maces & Flails
  4999 | D:6      | Reached XP level 9. HP: 79/79 MP: 8/8
  5406 | D:6      | Found a staircase to the Ecumenical Temple.
  5412 | Temple   | Entered the Ecumenical Temple
  5885 | D:6      | Found a burning altar of Makhleb.
  5886 | D:6      | Found a hide-covered altar of Uskayaw.
  6025 | D:7      | Reached skill level 10 in Maces & Flails
  6253 | D:7      | Reached skill level 1 in Dodging
  6278 | D:7      | Found an opulent altar of Gozag.
  6781 | D:8      | Found a snail-covered altar of Cheibriados.
  7157 | D:8      | Reached XP level 10. HP: 90/90 MP: 9/9
  7506 | D:8      | Found a shimmering altar of Xom.
  7729 | D:9      | Found a radiant altar of Vehumet.
  7805 | D:9      | Found a staircase to the Orcish Mines.
  8689 | D:9      | Found an iron altar of Okawaru.
  8757 | D:9      | Became a worshipper of Warmaster Okawaru
  9444 | D:9      | Reached skill level 11 in Maces & Flails
  9470 | D:9      | Found a basalt altar of Yredelemnul.
  9670 | D:10     | Entered Level 10 of the Dungeon
  9730 | D:10     | Reached * piety under Okawaru
  9740 | D:10     | Reached skill level 1 in Invocations
  9749 | D:10     | Found a staircase to the Lair.
  9919 | D:10     | Gained mutation: You tend to lose your temper in combat. [potion of mutation]
  9919 | D:10     | Gained mutation: You have large cloven feet. [potion of mutation]
  9983 | D:10     | You fall through a shaft for 2 floors!
  9983 | D:12     | Noticed a hill giant
  9987 | D:12     | Killed a hill giant
 10013 | D:12     | Noticed a fire dragon
 10014 | D:12     | Killed from afar by a fire dragon

Skill      XL: |  1  2  3  4  5  6  7  8  9 10 |
---------------+-------------------------------+-----
Maces & Flails | 3 4 5 7 9 10 11 | 11.4
Fighting       | 4 5 6 7 8 9 |  9.7
Armour         | 4 5 6 7 8 9 |  9.5
Shields        | 4 5 6 7 8 9 |  9.4
Dodging        | 3 4 |  4.6
Invocations    | 2 |  2.0

Action                   |  1- 3 |  4- 6 |  7- 9 | 10-12 || total
-------------------------+-------+-------+-------+-------++-------
Melee: Flail             |   100 |   192 |   302 |    11 ||   605
       Headbutt          |     9 |    29 |    46 |    70 ||   154
       Morningstar       |       |       |       |   296 ||   296
 Abil: Evoke Berserk Rag |       |       |     3 |     2 ||     5
  Use: Scroll            |       |     3 |     1 |    16 ||    20
       Potion            |       |       |       |    10 ||    10
  Eat: Chunk             |     3 |     7 |    13 |    14 ||    37
Armor: Scale mail        |    49 |   103 |    77 |       ||   229
       Chain mail        |       |       |    19 |   162 ||   181
Dodge: Dodged            |    36 |    54 |    98 |    94 ||   282
Block: Shield            |    57 |   102 |   153 |   185 ||   497
